 Dungeon Crawl Stone Soup version 0.25-a0-404-gc1b5a34292 (webtiles) character file.

Game seed: 139609677205640617, levelgen mode: deterministic

147 ReteAZ the Twirler (level 5, -3/32 HPs)
             Began as a Gargoyle Gladiator on Jan 10, 2020.
             Killed from afar by Natasha (10 damage)
             ... with a magic dart
             ... on level 2 of the Dungeon.
             The game lasted 00:04:53 (2221 turns).

ReteAZ the Twirler (Gargoyle Gladiator)             Turns: 2221, Time: 00:04:55

Health: -3/32      AC: 11    Str: 19    XL:     5   Next: 29%
Magic:  5/5        EV: 11    Int:  8    God:
Gold:   109        SH:  0    Dex: 11    Spells: 4/4 levels left

rFire    . . .     SeeInvis .   a - +0 quarterstaff
rCold    . . .     Gourm    .   (shield currently unavailable)
rNeg     + . .     Faith    .   n - +0 scale mail
rPois    ∞         Spirit   .   c - +0 helmet
rElec    +         Reflect  .   (no cloak)
rCorr    .         Harm     .   (no gloves)
MR       .....                  (no boots)
Stlth    ..........             (no amulet)
HPRegen  0.10/turn              (no ring)
MPRegen  0.09/turn              (no ring)

@: slowed, very slow
A: negative energy resistance 1, electricity resistance, unbreathing,
petrification resistance, rot immunity, AC +4
a: no special abilities


You were on level 2 of the Dungeon.
You were not hungry.

You visited 1 branch of the dungeon, and saw 2 of its levels.

You collected 109 gold pieces.

Inventory:

Hand Weapons
 a - a +0 quarterstaff (weapon)
Missiles
 d - 3 throwing nets (quivered)
Armour
 b - a +0 leather armour
 c - a +0 helmet (worn)
 l - a +0 ring mail
 n - a +0 scale mail (worn)
Jewellery
 m - a cursed ring of teleportation {unknown}
Scrolls
 e - a scroll of immolation {unknown}
 g - 2 scrolls of remove curse {unknown}
 h - a scroll of fog {unknown}
 i - 3 scrolls of identify {unknown}
 j - a scroll of blinking {unknown}
 k - a scroll of fear {unknown}
Potions
 o - a potion of might {unknown}
Comestibles
 f - 4 rations
 p - 9 chunks of flesh


   Skills:
 - Level 3.0 Fighting
 * Level 4.3 Staves
 - Level 2.0 Throwing
 + Level 2.1 Armour
 - Level 3.0 Dodging


You had 4 spell levels left.
You didn't know any spells.
Your spell library was empty.

Dungeon Overview and Level Annotations

Branches:
Dungeon (2/15)

Altars:
Cheibriados
Okawaru

Annotations:
D:2 Natasha


Innate Abilities, Weirdness & Mutations

You are resistant to torment.
Your stone body is resilient. (AC +4)
You are immune to poison.
You resist negative energy. (rN+)
You are resistant to electric shocks. (rElec)
You can survive without breathing.
You are immune to petrification.
You are immune to rotting.


Message History

The magic dart hits you.
* * * LOW HITPOINT WARNING * * *
Natasha claws you but does no damage.
You closely miss Natasha.
Natasha is almost dead.
Natasha barely misses you. Natasha casts a spell at you.
You feel as though you will be slow longer.
You barely miss Natasha.
Natasha is almost dead.
Natasha stares at you and mumbles some strange words.
The magic dart hits you but does no damage.
Okay, then.
You closely miss Natasha.
Natasha is almost dead.
Natasha stares at you and mumbles some strange words.
You feel as though you will be slow longer.
Natasha stares at you and mumbles some strange words.
The magic dart hits you!
You die...

#.......##..#..........#.##.#.#
#[......##..#..........#.##.#.#
#.......##..#.............#.#.##
#.......##..#..........#....#.#.
#.###<####..#...............#.#.
#)######....#...............'.#.
#).........##..5##.#.#......###.
######..#.....#h##.#.#.#..### #.
#..##.#[##@##...#.#..# #.
#....###...######.##### #.
#..##.#.##............# #.
#..#.....#.######.###.# #.
#.................# #÷####.
#.#...###.###.##### #.##...
#.#.#.......#..######.##.##
..#.#######.#............# ###.#
#.#.####.####..#


You could see Natasha and a white imp.

Vanquished Creatures
  Natasha (twice) (D:2)
  Robin (D:2)
  4 adders (D:2)
  A worm (D:2)
  A dart slug (D:1)
  A leopard gecko (D:2)
  A giant cockroach (D:1)
  15 goblins
  3 hobgoblins (D:2)
  3 jackals (D:2)
  2 bats
  3 frilled lizards (D:1)
  2 kobolds
  9 rats
48 creatures vanquished.

Notes
Turn   | Place    | Note
-------+----------+-------------------------------------------
     0 | D:1      | ReteAZ the Gargoyle Gladiator began the quest for the Orb.
     0 | D:1      | Reached XP level 1. HP: 12/12 MP: 1/1
   134 | D:1      | Reached XP level 2. HP: 10/17 MP: 2/2
   790 | D:2      | Found a snail-covered altar of Cheibriados.
   820 | D:2      | Noticed Robin
   861 | D:1      | Reached XP level 3. HP: 8/22 MP: 3/3
  1096 | D:2      | Noticed Natasha
  1104 | D:2      | Reached skill level 1 in Armour
  1115 | D:2      | Killed Natasha
  1115 | D:2      | Reached XP level 4. HP: 3/27 MP: 4/4
  1121 | D:2      | Noticed Natasha
  1575 | D:2      | Found an iron altar of Okawaru.
  1808 | D:2      | Reached skill level 4 in Staves
  1828 | D:2      | Killed Robin
  1882 | D:2      | Killed Natasha
  1882 | D:2      | Reached XP level 5. HP: 18/32 MP: 5/5
  2205 | D:2      | Noticed Natasha
  2221 | D:2      | Killed from afar by Natasha

Levels and vault maps discovered:
D:1:      psy_arrival_heroes, layout_basic, minmay_statues_item,
          minmay_misc_feat_diagonals
D:2:      layout_basic, old_standard_altar, cheibriados_altar_1, first_ration,
          minmay_misc_feat_alley, minmay_tall_x, uniq_jessica, uniq_robin,
          uniq_natasha

Skill      XL: |  1  2  3  4 |
---------------+-------------+-----
Throwing       | 2 |  2.0
Armour         | 1 2 |  2.1
Fighting       | 3 |  3.0
Staves         | 4 |  4.3
Dodging        | 3 |  3.0

Action                   |  1- 3 |  4- 6 || total
-------------------------+-------+-------++-------
Melee: Quarterstaff      |    68 |    99 ||   167
  Eat: Chunk             |       |     4 ||     4
Armor: Leather armour    |    20 |       ||    20
       Ring mail         |     3 |     7 ||    10
       Scale mail        |       |    39 ||    39
Dodge: Dodged            |    30 |    51 ||    81

Table legend:
 A = Non-vault XP
 B = Vault XP
 C = Vault XP percentage of total XP
 D = Non-vault monster count
 E = Vault monster count
 F = Vault count percentage of total count
                 A         B        C        D         E       F
            +---------+---------+-------+---------+---------+-------
      Total |     133 |      78 |  37.0 |      32 |      16 |  33.3
            +---------+---------+-------+---------+---------+-------
        D:1 |      19 |       2 |   9.5 |      12 |       1 |   7.7
        D:2 |     114 |      76 |  40.0 |      20 |      15 |  42.9
            +---------+---------+-------+---------+---------+-------
